 Dungeon Crawl Stone Soup version 0.30-a0-920-g7493c07aab (webtiles) character file.

Game seed: 16625569053159215292

5198 porpoise the Fighter (level 10, 0/86 HPs)
             Began as a Djinni Fire Elementalist on Mar 22, 2023.
             Was a Believer of Makhleb.
             Slain by a yak (3 damage)
             ... on level 9 of the Dungeon.
             The game lasted 00:45:04 (8751 turns).

porpoise the Fighter (Djinni Fire Elementalist)     Turns: 8751, Time: 00:45:04

Health: 0/86       AC:  3    Str:  7    XL:     10   Next: 91%
Gold:   597        EV: 20    Int: 22    God:    Makhleb [**....] SH:  5 Dex: 19

rFire   + + .      SeeInvis .    a - +1 short sword (drain)
rCold   x . .      Faith    .    (no shield)
rNeg    . . .      Spirit   .    c - +0 robe
rPois   ∞          Reflect  +    O - +1 hat {Stlth+}
rElec   .          Rampage  .    (no cloak)
rCorr   .                        (no gloves)
Will    +....                    (boots unavailable)
Stlth   ++++                     e - amulet of reflection
HPRegen 0.34/turn                j - +5 ring of evasion
MPRegen 0.00/turn                l - +6 ring of dexterity

@: flying, studying Fighting
A: sickness immunity, fire resistance 2, cold vulnerability 1, float, innate
caster, HP casting, extra vitality 1
a: Renounce Religion, Minor Destruction


You were on level 9 of the Dungeon.
You worshipped Makhleb.
Makhleb was pleased with you.
You visited 2 branches of the dungeon, and saw 10 of its levels.
You also visited: Ossuary.

You collected 597 gold pieces.

Inventory:

Hand Weapons
 a - a +1 short sword of draining (weapon)
 b - a +1 sling
 y - the +1 mace "Gighoumn" {holy, rF+ SInv}
   (You found it on level 5 of the Dungeon)

   rF:        It protects you from fire.
   SInv:      It lets you see invisible.
 E - a +1 whip of draining
Missiles
 i - 2 throwing nets
 p - 4 curare-tipped darts
 u - 12 poisoned darts
 w - 3 atropa-tipped darts
 z - 5 boomerangs
Armour
 c - a +0 robe (worn)
 O - a +1 hat of stealth (worn)
Magical Staves
 v - a staff of poison
Jewellery
 e - an amulet of reflection (around neck)
 h - a ring of see invisible
 j - a +5 ring of evasion (left hand)
 l - a +6 ring of dexterity (right hand)
 F - an amulet of faith
 K - a ring of ice
 L - a ring of protection from fire
Wands
 C - a wand of mindburst (23)
 H - a wand of roots (7)
 I - a wand of polymorph (3)
Scrolls
 f - 4 scrolls of teleportation
 t - a scroll of noise {unknown}
 x - a scroll of fog
 A - a scroll of blinking
 B - a scroll of immolation
 G - a scroll of poison
 J - 2 scrolls of enchant weapon
 N - a scroll of vulnerability {unknown}
Potions
 d - 2 potions of lignification
 g - 3 potions of brilliance
 k - 2 potions of attraction
 m - 4 potions of cancellation
 n - 5 potions of curing
 o - 3 potions of invisibility
 q - a potion of ambrosia
 r - 2 potions of heal wounds
 s - a potion of haste
 D - 3 potions of resistance


   Skills:
 * Level 13.5 Fighting
 + Level 4.9 Dodging
 + Level 4.0 Stealth
 - Level 7.0 Spellcasting
 - Level 5.0 Invocations


You knew the following spells:

 Your Spells              Type           Power      Damage    Failure   Level
a - Foxfire               Conj/Fire      100%       2x1d9     1%          1
b - Scorch                Fire           76%        2d8       1%          2
c - Kindle Blastsparks    Fire/Tloc/Air  76%        2d16      1%          3
d - Inner Flame           Hex/Fire       38%        N/A       1%          3
e - Beastly Appendage     Tmut           76%        N/A       1%          1
f - Manifold Assault      Tloc           38%        N/A       4%          4
m - Mephitic Cloud        Conj/Pois/Air  38%        N/A       1%          3
s - Momentum Strike       Conj/Tloc      76%        3d10      1%          2
w - Flame Wave            Conj/Fire      38%        2d10      4%          4
Your spell library was empty.

Dungeon Overview and Level Annotations

Branches:
Dungeon (9/15)             Temple (1/1) D:5         Ossuary (visited)
   Lair: D:8-11         Orc: D:9-12

Altars:
Ashenzari
Dithmenos
Elyvilon
Fedhas
Makhleb
Okawaru
Qazlal
Ru
Uskayaw
Wu Jian
Xom
Yredelemnul

Shops:
D:5 (   D:7 *

Annotations:
D:3 1 exclusion, Sigmund
D:4 exclusion: upstairs
D:6 exclusion: downstairs


Innate Abilities, Weirdness & Mutations

You are immune to sickness and miasma.
You are immune to poison.
Your flesh is very heat resistant. (rF++)
You are vulnerable to cold. (rC-)
You float through the air rather than walking.
You learn spells naturally, not from books.
Your magical power is your life essence.
You have superior vitality. (+4 MHP)


Message History

Makhleb accepts your kill.
You feel better.
The flame wave engulfs the yak!
The yak is moderately wounded. (Press . to intensify the flame waves.)
The yak gores you but does no damage.
A wave of flame ripples out!
The flame wave engulfs the yak!
The yak is severely wounded.
The flame wave engulfs the yak!
The yak is moderately wounded.
The yak closely misses you.
A wave of flame ripples out!
The flame wave engulfs the yak!
The yak is heavily wounded.
The flame wave engulfs the yak!
The yak is almost dead.
You finish channelling waves of flame.
The yak completely misses you. The yak gores you.
* * * LOW HITPOINT WARNING * * *
Casting: Flame Wave (dangerous; 4% risk of failure)
Confirm with . or Enter, or press ? or * to list all spells.
Casting: Flame Wave (dangerous; 4% risk of failure)
Press: ? - help, Dir - look around, f - activate A wave of flame ripples out!
The flame wave engulfs the yak.
The yak is heavily wounded.
The flame wave engulfs the yak!
You kill the yak!
Makhleb accepts your kill. (Press . to intensify the flame waves.)
* * * LOW HITPOINT WARNING * * *
The yak gores you!
* * * LOW HITPOINT WARNING * * *
Your Stealth skill increases to level 4!
A wave of flame ripples out!
The flame wave engulfs the yak.
The yak is severely wounded.
* * * LOW HITPOINT WARNING * * *
The yak misses you.
A wave of flame ripples out!
The flame wave engulfs the yak.
The yak is severely wounded.
* * * LOW HITPOINT WARNING * * *
You finish channelling waves of flame.
The yak gores you.
You die...

#########################
........................#
..#..<................#
.....##.......#.......# #
..........##..#.@Y....#.#
.................†...§..#
#####.........#######..(#
#....####.# +.#.#
#.........# #...#
#####...#### .Y.Y#
#.#.'..# ....# #...#.##
....# #####.######....#


You could see a yak.

Vanquished Creatures
  12 yaks
  2 wyverns
  3 steam dragons
  3 water moccasins
  An acid dragon (D:8)
  2 orc warriors (D:8)
  2 ice beasts
  A sky beast (D:7)
  An ogre (D:4)
  A centaur (D:7)
  A phantom (D:5)
  2 kobold brigands
  A bullfrog (D:5)
  2 gnoll sergeants
  A scorpion (D:7)
  5 water moccasin zombies (Ossuary)
  6 killer bees (D:7)
  6 hounds
  A jelly (D:5)
  2 orc priests (D:8)
  2 gnoll boudas
  An orc wizard (D:7)
  2 sleepcaps
  An iguana (D:4)
  2 mummies (Ossuary)
  21 gnolls
  6 adders
  A white imp (D:7)
  5 adder zombies (Ossuary)
  3 worms
  A dart slug (D:2)
  13 orcs
  4 bats
  5 endoplasms
  5 giant cockroaches
  3 gnoll zombies (Ossuary)
  3 hobgoblins
  16 kobolds
  4 ball pythons
  2 frilled lizards (D:1)
  11 goblins
  6 hobgoblin zombies (Ossuary)
  3 kobold zombies (Ossuary)
  6 orc zombies (Ossuary)
  5 rats
186 creatures vanquished.

Vanquished Creatures (collateral kills)
  2 foxfires (D:1)
2 creatures vanquished.

Vanquished Creatures (others)
  342 foxfires
  5 toadstools (D:1)
347 creatures vanquished.

Grand Total: 535 creatures vanquished

Notes
Turn   | Place    | Note
-------+----------+-------------------------------------------
     0 | D:1      | porpoise the Djinni Fire Elementalist began the quest for
                  | the Orb.
     0 | D:1      | porpoise set off with the following spells memorised:
                  | Foxfire, Scorch, Kindle Blastsparks, Inner Flame, Flame
                  | Wave.
     0 | D:1      | Reached XP level 1. HP: 15/15 MP: 0/0
   166 | D:1      | Reached skill level 1 in Fighting
   166 | D:1      | Reached XP level 2. HP: 18/22 MP: 0/0
   418 | D:1      | You are sucked into a shaft and drop 1 floor!
   433 | D:2      | Reached XP level 3. HP: 26/27 MP: 0/0
   433 | D:2      | Learned a level 1 spell: Beastly Appendage
   868 | D:1      | Found a faded altar of an unknown god.
  1244 | D:2      | Reached skill level 2 in Fighting
  1684 | D:3      | Reached XP level 4. HP: 31/33 MP: 0/0
  1733 | D:3      | Noticed Sigmund
  1758 | D:4      | Noticed a water moccasin
  1764 | D:4      | Killed a water moccasin
  1765 | D:4      | Reached skill level 3 in Fighting
  1765 | D:4      | Reached XP level 5. HP: 35/40 MP: 0/0
  1765 | D:4      | Learned a level 2 spell: Momentum Strike
  1918 | D:4      | Reached XP level 6. HP: 44/47 MP: 0/0
  2626 | D:4      | Reached skill level 4 in Fighting
  2895 | D:4      | Noticed an ogre
  2901 | D:4      | Killed an ogre
  3125 | D:5      | Entered Level 5 of the Dungeon
  3128 | D:5      | Identified a scroll of acquirement
  3128 | D:5      | Acquired a manual of Fighting
  3215 | D:5      | Found a sand-covered staircase.
  3221 | Ossuary  | Entered an ossuary
  3245 | Ossuary  | Reached XP level 7. HP: 37/53 MP: 0/0
  3245 | Ossuary  | Learned a level 3 spell: Mephitic Cloud
  3337 | Ossuary  | Reached skill level 5 in Fighting
  3783 | Ossuary  | Reached skill level 6 in Fighting
  3924 | Ossuary  | Reached skill level 5 in Spellcasting
  4089 | D:5      | Reached XP level 8. HP: 61/62 MP: 0/0
  4153 | D:5      | Reached skill level 7 in Fighting
  4429 | D:5      | Found Hosesuupef's Weapon Emporium.
  4603 | D:5      | Identified the +1 mace "Gighoumn" {holy, rF+ SInv}
  4788 | D:5      | Found a staircase to the Ecumenical Temple.
  4796 | Temple   | Entered the Ecumenical Temple
  4811 | Temple   | Became a worshipper of Makhleb the Destroyer
  4908 | D:5      | Reached skill level 8 in Fighting
  5324 | D:6      | Reached skill level 1 in Invocations
  5597 | D:6      | Reached skill level 9 in Fighting
  5597 | D:6      | Reached XP level 9. HP: 67/72 MP: 0/0
  5597 | D:6      | Learned a level 4 spell: Manifold Assault
  6226 | D:7      | Reached skill level 10 in Fighting
  6677 | D:7      | Reached * piety under Makhleb
  6762 | D:7      | Reached skill level 11 in Fighting
  6908 | D:7      | Found Saumob Luse's General Store.
  6926 | D:7      | Reached XP level 10. HP: 76/83 MP: 0/0
  7316 | D:8      | Reached ** piety under Makhleb
  7317 | D:8      | Reached skill level 12 in Fighting
  8306 | D:8      | Reached skill level 13 in Fighting
  8306 | D:8      | Reached skill level 5 in Invocations
  8508 | D:8      | Found an iron altar of Okawaru.
  8751 | D:9      | Slain by a yak

Illustrated notes

Levels and vault maps discovered:
D:1:      ldierk_walled_garden, layout_loops_ring,
          dreamdust_ecumenical_altar_hidden_monk_grotto
D:2:      layout_loops_ring
D:3:      layout_loops_cross, uniq_sigmund
D:4:      layout_basic
D:5:      minmay_skewed_foursquare, layout_basic, minmay_temple_entry_ruins,
          nicolae_ossuary_entry_plus, serial_shops, nicolae_shop_crystal,
          minivault_11
D:6:      layout_loops_corners, nicolae_vehumet_radiance
D:7:      layout_rooms, serial_shops, shop
D:8:      layout_basic, okawaru_altar_gauntlet_db, minmay_misc_feat_plants
D:9:      layout_stronghold, serial_shops, shop, enter_bailey_5,
          serial_column_ruins, column_ruins_hut, column_ruins_open_small,
          column_ruins_columns_straight, column_ruins_open_tiny,
          column_ruins_grid_3, uniq_prince_ribbit1
Temple:   hellmonk_temple_two_chambers

Skill      XL: |  1  2  3  4  5  6  7  8  9 10 |
---------------+-------------------------------+-----
Fighting       | 1 2 3 4 6 9 11 13 | 13.5
Spellcasting   | 3 4 5 6 7 |  7.0
Invocations    | 1 3 5 |  5.0
Stealth        | 4 |  4.0
Dodging        | 4 |  4.9

Action                     |  1- 3 |  4- 6 |  7- 9 | 10-12 || total
---------------------------+-------+-------+-------+-------++-------
  Melee: Unarmed           |     3 |       |       |       ||     3
         Dagger            |     3 |       |       |       ||     3
         Whip              |     6 |    11 |    12 |       ||    29
         Sling             |       |     1 |       |       ||     1
         Short sword       |       |       |    14 |    32 ||    46
         Punch             |       |       |       |     1 ||     1
   Fire: Sling             |    12 |    22 |    31 |       ||    65
   Cast: Foxfire           |    46 |    28 |    96 |    25 ||   195
         Scorch            |     2 |     8 |    50 |    11 ||    71
         Momentum Strike   |       |       |     3 |     4 ||     7
         Kindle Blastspark |       |       |    16 |    19 ||    35
         Flame Wave        |       |       |     2 |     7 ||     9
         Mephitic Cloud    |       |       |     1 |     6 ||     7
    Use: Scroll            |       |    13 |     5 |     4 ||    22
         Potion            |       |       |     1 |       ||     1
   Stab: Confused          |       |       |       |     5 ||     5
 Armour: Robe              |     5 |     2 |    11 |     3 ||    21
  Dodge: Dodged            |    23 |    22 |    81 |    40 ||   166
  Block: Other             |       |     2 |    29 |     8 ||    39
         Reflection        |       |       |     2 |     2 ||     4

Table legend: (Time is in decaauts)
 A = Elapsed time spent in this place.
 B = Non-inter-level travel time spent in this place.
 C = Inter-level travel time spent in this place.
 D = Time resting spent in this place.
 E = Time spent auto-exploring this place.
 F = Levels seen in this place.
 G = Mean time per level.
                   A        B        C        D        E       F      G
               +--------+--------+--------+--------+--------+-----+--------+
         Total |   8770 |   8537 |    233 |   2253 |   4663 |  11 |  797.3 |
       Dungeon |   7981 |   7752 |    229 |   1696 |   4653 |   9 |  886.8 |
        Temple |     19 |     15 |      4 |      0 |     10 |   1 |   19.0 |
       Ossuary |    769 |    769 |      0 |    557 |      0 |   1 |  769.0 |
               +--------+--------+--------+--------+--------+-----+--------+

Top non-repeatable levels by time:
     D:8: 1375 daAuts
     D:6: 1299 daAuts
     D:5: 1153 daAuts
     D:4: 975 daAuts
     D:1: 958 daAuts
     D:7: 884 daAuts
 Ossuary: 769 daAuts
     D:2: 733 daAuts
     D:3: 493 daAuts
     D:9: 107 daAuts
  Temple: 19 daAuts
